 Dungeon Crawl Stone Soup version 0.18-a0-1014-g3bbf375 (webtiles) character file.

91 nubinia the Stinger (level 4, -1/30 HPs)
             Began as a Demonspawn Venom Mage on Jan 6, 2016.
             Was an Initiate of Ashenzari.
             Slain by Crazy Yiuf
             ... wielding a +3 quarterstaff of chaos
              (7 damage)
             ... on level 2 of the Dungeon.
             The game lasted 00:09:14 (2029 turns).

nubinia the Stinger (Demonspawn Venom Mage)         Turns: 2029, Time: 00:09:15

Health: -1/30      AC:  3    Str: 13    XL:     4   Next: 34%
Magic:  6/8        EV: 12    Int: 17    God:    Ashenzari [......]
Gold:   96         SH:  0    Dex: 13    Spells: 1 memorised, 7 levels left

rFire  + . .     SeeInvis +     k - +0 short sword (drain) (curse)
rCold  + . .     Gourm    .     a - +0 robe
rNeg   . . .     Faith    .     (no shield)
rPois  +         Spirit   .     i - +0 helmet (curse)
rElec  +         Dismiss  .     (no cloak)
rCorr  +         Reflect  .     (no gloves)
SustAt .         Harm     .     (no boots)
MR     .....                    (no amulet)
Stlth  +++.......               m - ring of see invisible (curse)
                                h - +4 ring of strength (curse)

@: lethally poisoned (-1 -> -9), resistant, slowed, very slow, not resistant to
hostile enchantments, fairly stealthy
A: claws 1, nightstalker 1
a: Renounce Religion


You were on level 2 of the Dungeon.
You worshipped Ashenzari.
Ashenzari was noncommittal.
You were not hungry.

You visited 1 branch of the dungeon, and saw 2 of its levels.

You collected 96 gold pieces.

Inventory:

Hand Weapons
 d - a +0 dagger
 k - a cursed +0 short sword of draining (weapon)
Armour
 a - a +0 robe (worn)
 i - a cursed +0 helmet (worn)
Jewellery
 h - a cursed +4 ring of strength (left claw)
 m - a cursed ring of see invisible (right claw)
Scrolls
 e - a scroll of recharging {unknown}
 f - 7 scrolls of curse armour
 g - a scroll of noise {unknown}
 j - 3 scrolls of curse weapon
 n - a scroll of identify {unknown}
 p - a scroll of random uselessness {unknown}
 s - a scroll of remove curse
Potions
 q - a potion of degeneration {unknown}
 r - a potion of beneficial mutation {unknown}
Books
 b - a Young Poisoner's Handbook

   Spells                             Type                      Level
   a - Sting                          Conjuration/Poison           1
   b - Cure Poison                    Poison                       2
   c - Mephitic Cloud                 Conjuration/Poison/Air       3
   d - Olgreb's Toxic Radiance        Poison                       4
   e - Venom Bolt                     Conjuration/Poison           5
Comestibles
 c - 2 bread rations


   Skills:
 + Level 0.2 Fighting
 + Level 1.0 Short Blades
 + Level 2.2 Dodging
 + Level 2.3 Stealth
 + Level 2.7 Spellcasting
 + Level 0.6 Conjurations
 + Level 4.4 Poison Magic


You had 7 spell levels left.
You knew the following spells:

 Your Spells              Type           Power        Failure   Level  Hunger
a - Sting                 Conj/Pois      ##..         10%         1    #......


Dungeon Overview and Level Annotations

Branches:
Dungeon (2/15)

Altars:
Ashenzari
Pakellas

Annotations:
D:2 Crazy Yiuf


Innate Abilities, Weirdness & Mutations

You have sharp fingernails.
You are slightly more attuned to the shadows.


Message History

You feel sick. Crazy Yiuf misses you.
Unknown command.
Unknown command.
Unknown command.
Casting: Sting
Confirm with . or Enter, or press ? or * to list all spells.
Aiming: Sting
Press: ? - help, Shift-Dir - straight line, f/p - Crazy Yiuf
Aim: Crazy Yiuf, wielding a quarterstaff of chaos and wearing an embroidered cloak (heavily wounded, heavily drained)
The sting misses Crazy Yiuf.
You feel sick.
Crazy Yiuf hits you with a quarterstaff of chaos.
* * * LOW HITPOINT WARNING * * *
You feel yourself slow down.
Drink which item? (? for menu, Esc to quit)
It was a potion of resistance.
You feel protected.
* * * LOW HITPOINT WARNING * * *
You feel sick.
Crazy Yiuf hits you with a quarterstaff of chaos!
You die...

#.#####.###..##..#.# #.#
#..^....###..##..#.# #.#
#.#####..##..##..#.###.#
#.# #...#..##......#.#
#.# #....####.##.#.#.###
#.## #....#
#............ #..#
#P#.P# ##.##...#.###
#.## ##PP.# ##.####...#
#.# ##@## #...# #..##
#.# ##g# ##..# #..###
#(## #.## #...# #....#
#..# ##.# ###.# ##.#>#
#### #.## #...####.#.#
#.# #........#.# #...#
###.######.# #...# ###.#
#.# #)..# #...# #.#


You could see Crazy Yiuf.

Vanquished Creatures
  Ijyb (D:2)
  An adder (D:2)
  2 oozes
  A worm (D:2)
  A giant gecko (D:2)
  4 giant cockroaches (D:1)
  11 goblins
  6 hobgoblins
  A kobold (D:1)
  A quokka (D:2)
  A ball python (D:1)
  8 bats
  3 rats (D:1)
  A fungus (D:2)
42 creatures vanquished.

Notes
Turn   | Place    | Note
--------------------------------------------------------------
     0 | D:1      | nubinia the Demonspawn Venom Mage began the quest for the Orb.
     0 | D:1      | Reached XP level 1. HP: 13/13 MP: 3/3
   542 | D:1      | Gained mutation: You are slightly more attuned to the shadows. [demonic ancestry]
   542 | D:1      | Reached XP level 2. HP: 19/19 MP: 0/5
   707 | D:1      | Found a shattered altar of Ashenzari.
   743 | D:1      | Became a worshipper of Ashenzari the Shackled
  1118 | D:1      | Reached XP level 3. HP: 24/24 MP: 6/6
  1354 | D:2      | Found an oddly glowing altar of Pakellas.
  1603 | D:2      | Noticed Ijyb
  1638 | D:2      | Killed Ijyb
  1638 | D:2      | Reached skill level 1 in Short Blades
  1638 | D:2      | Gained mutation: You have sharp fingernails. [demonic ancestry]
  1638 | D:2      | Reached XP level 4. HP: 23/30 MP: 3/8
  2015 | D:2      | Noticed Crazy Yiuf
  2029 | D:2      | Slain by Crazy Yiuf

Vault maps used:
D:1:      eino_arrival_water_cross, nicolae_ashenzari_panopticon
D:2:      kennysheep_the_goblin_king, lemuel_crystal_altar,
          uniq_crazy_yiuf_cottage

Action                   |  1- 3 |  4- 6 || total
-------------------------+-------+-------++-------
Melee: Dagger            |    41 |       ||    41
       Short sword       |    64 |    24 ||    88
 Cast: Sting             |    38 |     3 ||    41
  Use: Scroll            |     2 |       ||     2
       Potion            |       |     1 ||     1
 Stab: Sleeping          |     5 |     2 ||     7
  Eat: Chunk             |     3 |     1 ||     4
